| TOP OF THE 1ST |
|
Augusta GreenJackets batting - Pitching for Binghamton Mets : RHP Dan Mathews
|
|
Pitching: RHP Dan Mathews
|
|
|
Batting: RHB Armando Ramirez
|
0-0: Ball 1-0: Called Strike 1-1: DOUBLE (Groundball, 3L, EV 98.8 MPH)
|
|
Batting: RHB Frank Pena
|
0-0: Called Strike 0-1: Swinging Strike 0-2: Strikes out swinging
|
|
Batting: LHB Sam Ogg
|
0-0: Ground out 6-3 (Groundball, 6, EV 89.4 MPH) Armando Ramirez to third
|
|
Batting: SHB Ben Myers
|
0-0: Ground out 5-3 (Groundball, 56S, EV 87.5 MPH)
|
| Top of the 1st over - 0 runs, 1 hit, 0 errors, 1 left on base; Augusta 0 - Binghamton 0 |
| BOTTOM OF THE 1ST |
|
Binghamton Mets batting - Pitching for Augusta GreenJackets : LHP Mario Castro
|
|
Pitching: LHP Mario Castro
|
|
|
Batting: SHB Tyler Maddux
|
0-0: Ball 1-0: DOUBLE (Groundball, 5L, EV 106.2 MPH)
|
|
Batting: SHB Nick Daigle
|
0-0: Ball 1-0: Ball Wild Pitch! Tyler Maddux to third 2-0: Called Strike 2-1: Ball 3-1: Swinging Strike 3-2: Strikes out looking
|
|
Batting: RHB Enrique Aguirre
|
0-0: Called Strike 0-1: SINGLE (Groundball, 3D, EV 99.4 MPH) Tyler Maddux scores
|
|
Batting: RHB Oscar Bravo
|
0-0: Swinging Strike 0-1: Ball 1-1: Ball 2-1: Ball 3-1: Foul Ball, location: 2F 3-2: Strikes out looking
|
|
Batting: SHB Keith Casner
|
0-0: Ball 1-0: Called Strike 1-1: 2-RUN HOME RUN (Flyball, 7D, EV 100.0 MPH), Distance : 373 ft
|
|
Batting: RHB Michael Youngberry
|
0-0: Ball 1-0: Ball 2-0: Called Strike 2-1: Ball 3-1: Foul Ball, location: 2F 3-2: DOUBLE (Groundball, 5L, EV 98.8 MPH)
|
|
Batting: LHB Jeremy Moorehead
|
0-0: Ball Wild Pitch! Michael Youngberry to third 1-0: Foul Ball, location: 2F 1-1: SINGLE (Line Drive, 4M, EV 100.0 MPH) Michael Youngberry scores
|
|
Batting: RHB Roberto Delgado
|
0-0: Ball Jeremy Moorehead steals 2nd base 1-0: Foul Ball, location: 2F 1-1: Ball 2-1: Ground out 5-3 (Groundball, 56, EV 87.5 MPH)
|
| Bottom of the 1st over - 4 runs, 5 hits, 0 errors, 1 left on base; Augusta 0 - Binghamton 4 |
| TOP OF THE 2ND |
|
Augusta GreenJackets batting - Pitching for Binghamton Mets : RHP Dan Mathews
|
|
Batting: LHB Oscar Tamayo
|
0-0: Foul Ball, location: 2F 0-1: Foul Ball, location: 2F 0-2: Ball 1-2: Strikes out looking
|
|
Batting: RHB Aaron Burress
|
0-0: Foul Ball, location: 2F 0-1: Fly out, F9 (Flyball, 9D, EV 85.6 MPH)
|
|
Batting: LHB Bruce Arvizu
|
0-0: Ball 1-0: Ball 2-0: Reached via error on a dropped throw from SS, E3 (Groundball, 6, EV 86.9 MPH)
|
|
Batting: RHB Gary Sampson
|
0-0: Ball 1-0: Ball 2-0: Reached on error, E5 (Groundball, 5, EV 81.2 MPH) Bruce Arvizu to second
|
|
Batting: RHB Jordan Wallace
|
0-0: Ball 1-0: Fly out, F7 (Flyball, 7D, EV 81.2 MPH)
|
| Top of the 2nd over - 0 runs, 0 hits, 2 errors, 2 left on base; Augusta 0 - Binghamton 4 |
| BOTTOM OF THE 2ND |
|
Binghamton Mets batting - Pitching for Augusta GreenJackets : LHP Mario Castro
|
|
Batting: RHB Reginald McDougall
|
0-0: Called Strike 0-1: Swinging Strike 0-2: Foul Ball, location: 2F 0-2: Ball 1-2: Foul Ball, location: 2F 1-2: Strikes out swinging
|
|
Batting: SHB Tyler Maddux
|
0-0: Foul Ball, location: 2F 0-1: Ball 1-1: Ball 2-1: Ball 3-1: Ground out 5-3 (Groundball, 5S, EV 65.6 MPH)
|
|
Batting: SHB Nick Daigle
|
0-0: Called Strike 0-1: Called Strike 0-2: Foul Ball, location: 2F 0-2: Foul Ball, location: 2F 0-2: Strikes out swinging
|
| Bottom of the 2nd over - 0 runs, 0 hits, 0 errors, 0 left on base; Augusta 0 - Binghamton 4 |
| TOP OF THE 3RD |
|
Augusta GreenJackets batting - Pitching for Binghamton Mets : RHP Dan Mathews
|
|
Batting: RHB Armando Ramirez
|
0-0: Foul Ball, location: 2F 0-1: Fly out, F9 (Line Drive, 89M, EV 102.5 MPH)
|
|
Batting: RHB Frank Pena
|
0-0: Ball 1-0: Called Strike 1-1: Ball 2-1: Foul Ball, location: 2F 2-2: Ball 3-2: SINGLE (Line Drive, 89S, EV 91.9 MPH)
|
|
Batting: LHB Sam Ogg
|
0-0: Called Strike 0-1: Foul Ball, location: 2F 0-2: Ball 1-2: Ball 2-2: Ball 3-2: 2-RUN HOME RUN (Flyball, 7D, EV 96.9 MPH), Distance : 363 ft
|
|
Batting: SHB Ben Myers
|
0-0: Fly out, F9 (Flyball, 89M, EV 89.4 MPH)
|
|
Batting: LHB Oscar Tamayo
|
0-0: Foul Ball, location: 2F 0-1: Ball 1-1: Called Strike 1-2: Ground out 6-3 (Groundball, 4M, EV 93.1 MPH)
|
| Top of the 3rd over - 2 runs, 2 hits, 0 errors, 0 left on base; Augusta 2 - Binghamton 4 |
| BOTTOM OF THE 3RD |
|
Binghamton Mets batting - Pitching for Augusta GreenJackets : LHP Mario Castro
|
|
Batting: RHB Enrique Aguirre
|
0-0: Ball 1-0: Ball 2-0: Ball 3-0: Called Strike 3-1: Base on Balls
|
|
Batting: RHB Oscar Bravo
|
0-0: Foul Ball, location: 2F 0-1: Ball 1-1: Grounds out, U3 (Groundball, 3L, EV 101.9 MPH)
|
|
Batting: SHB Keith Casner
|
0-0: Fly out, F5 (Popup, 5SF, EV 69.4 MPH)
|
|
Batting: RHB Michael Youngberry
|
0-0: Ball 1-0: Called Strike 1-1: Swinging Strike 1-2: Ground out 5-3 (Groundball, 56, EV 106.9 MPH)
|
| Bottom of the 3rd over - 0 runs, 0 hits, 0 errors, 1 left on base; Augusta 2 - Binghamton 4 |
| TOP OF THE 4TH |
|
Augusta GreenJackets batting - Pitching for Binghamton Mets : RHP Dan Mathews
|
|
Batting: RHB Aaron Burress
|
0-0: Ball 1-0: DOUBLE (Line Drive, 89D, EV 110.0 MPH)
|
|
Batting: LHB Bruce Arvizu
|
0-0: Ball 1-0: Ball 2-0: Ball 3-0: Base on Balls
|
|
Batting: RHB Gary Sampson
|
0-0: Hit by Pitch Aaron Burress to third Bruce Arvizu to second
|
|
Batting: RHB Jordan Wallace
|
0-0: Ball 1-0: Fly out, F7 (Flyball, 7LD, EV 96.2 MPH) Runner from 3rd tags up, SCORES, no throw by LF Bruce Arvizu to third
|
|
Batting: RHB Armando Ramirez
|
0-0: Called Strike Gary Sampson is caught stealing 2nd base 2-4 0-1: Foul Ball, location: 2F 0-2: Fly out, F4 (Line Drive, 4, EV 66.9 MPH)
|
| Top of the 4th over - 1 run, 1 hit, 0 errors, 1 left on base; Augusta 3 - Binghamton 4 |
| BOTTOM OF THE 4TH |
|
Binghamton Mets batting - Pitching for Augusta GreenJackets : LHP Mario Castro
|
|
Batting: LHB Jeremy Moorehead
|
0-0: Called Strike 0-1: Ground out 4-3 (Groundball, 4, EV 98.1 MPH)
|
|
Batting: RHB Roberto Delgado
|
0-0: Fly out, F4 (Popup, 4M, EV 57.5 MPH)
|
|
Batting: RHB Reginald McDougall
|
0-0: Called Strike 0-1: Ball 1-1: SINGLE (Groundball, 4M, EV 85.6 MPH) (infield hit)
|
|
Batting: SHB Tyler Maddux
|
0-0: Foul Ball, location: 2F 0-1: Foul Ball, location: 2F 0-2: Foul Ball, location: 2F 0-2: Ball 1-2: Ball 2-2: SINGLE (Groundball, 56S, EV 63.8 MPH) (infield hit) Reginald McDougall to second
|
|
Batting: SHB Nick Daigle
|
0-0: Fielders Choice at 2nd, 5-4 (Groundball, 5, EV 81.2 MPH)
|
| Bottom of the 4th over - 0 runs, 2 hits, 0 errors, 2 left on base; Augusta 3 - Binghamton 4 |
| TOP OF THE 5TH |
|
Augusta GreenJackets batting - Pitching for Binghamton Mets : RHP Dan Mathews
|
|
Batting: RHB Frank Pena
|
0-0: Foul Ball, location: 2F 0-1: Ball 1-1: Ball 2-1: Ball 3-1: Base on Balls
|
|
Batting: LHB Sam Ogg
|
0-0: Called Strike 0-1: Swinging Strike 0-2: Foul Ball, location: 2F 0-2: Ball Frank Pena steals 2nd, throwing error, E2 Frank Pena to third 1-2: Ball 2-2: Ball 3-2: 2-RUN HOME RUN (Flyball, 89XD, EV 97.5 MPH), Distance : 388 ft
|
|
Pitching: RHP Rome Corona
|
|
|
Batting: SHB Ben Myers
|
0-0: Ball 1-0: Foul Ball, location: 2F 1-1: Ball 2-1: Called Strike 2-2: Foul Ball, location: 2F 2-2: Ground out 6-3 (Groundball, 6, EV 86.9 MPH)
|
|
Batting: LHB Oscar Tamayo
|
0-0: Ball 1-0: Foul Ball, location: 2F 1-1: SOLO HOME RUN (Flyball, 89XD, EV 100.6 MPH), Distance : 399 ft
|
|
Batting: RHB Aaron Burress
|
0-0: Ball 1-0: Called Strike 1-1: Swinging Strike 1-2: Foul Ball, location: 2F 1-2: Strikes out swinging
|
|
Batting: LHB Bruce Arvizu
|
0-0: Foul Ball, location: 2F 0-1: Swinging Strike 0-2: Ball 1-2: Ball 2-2: Ball 3-2: Foul Ball, location: 2F 3-2: Strikes out looking
|
| Top of the 5th over - 3 runs, 2 hits, 1 error, 0 left on base; Augusta 6 - Binghamton 4 |
| BOTTOM OF THE 5TH |
|
Binghamton Mets batting - Pitching for Augusta GreenJackets : LHP Mario Castro
|
|
Batting: RHB Enrique Aguirre
|
0-0: Ball 1-0: Ball 2-0: Ground out 4-3 (Groundball, 4M, EV 78.1 MPH)
|
|
Batting: RHB Oscar Bravo
|
0-0: Called Strike 0-1: Ball 1-1: Called Strike 1-2: Ball 2-2: Ground out 6-3 (Groundball, 6M, EV 105.0 MPH)
|
|
Batting: SHB Keith Casner
|
0-0: Called Strike 0-1: Called Strike 0-2: Ball 1-2: Ball 2-2: Ball 3-2: Base on Balls
|
|
Batting: RHB Michael Youngberry
|
0-0: Ball 1-0: Called Strike 1-1: Ground out 3-1 (Groundball, 13, EV 85.0 MPH)
|
| Bottom of the 5th over - 0 runs, 0 hits, 0 errors, 1 left on base; Augusta 6 - Binghamton 4 |
| TOP OF THE 6TH |
|
Augusta GreenJackets batting - Pitching for Binghamton Mets : RHP Rome Corona
|
|
Batting: RHB Gary Sampson
|
0-0: Ball 1-0: Called Strike 1-1: Foul Ball, location: 2F 1-2: Strikes out swinging
|
|
Batting: RHB Jordan Wallace
|
0-0: Fly out, F8 (Flyball, 8LS, EV 88.8 MPH)
|
|
Batting: RHB Armando Ramirez
|
0-0: Ball 1-0: Ground out 5-3 (Groundball, 5S, EV 80.0 MPH)
|
| Top of the 6th over - 0 runs, 0 hits, 0 errors, 0 left on base; Augusta 6 - Binghamton 4 |
| BOTTOM OF THE 6TH |
|
Binghamton Mets batting - Pitching for Augusta GreenJackets : LHP Mario Castro
|
|
Batting: LHB Jeremy Moorehead
|
0-0: Foul Ball, location: 2F 0-1: Ball 1-1: Ground out 6-3 (Groundball, 6, EV 82.5 MPH)
|
|
Batting: RHB Roberto Delgado
|
0-0: Called Strike 0-1: Ball 1-1: Foul Ball, location: 2F 1-2: Ground out 5-3 (Groundball, 56, EV 105.0 MPH)
|
|
Batting: RHB Reginald McDougall
|
0-0: Swinging Strike 0-1: SINGLE (Groundball, 34S, EV 68.8 MPH) (infield hit)
|
|
Pitching: RHP Adam Browne
|
|
|
Batting: SHB Tyler Maddux
|
0-0: Foul Ball, location: 2F 0-1: Ball 1-1: SINGLE (Groundball, 4D, EV 98.1 MPH) Reginald McDougall to second Throwing error, E8 Reginald McDougall scores Tyler Maddux to second
|
|
Batting: SHB Nick Daigle
|
0-0: Ball 1-0: Ball 2-0: Called Strike 2-1: Ball 3-1: Fly out, F8 (Flyball, 8RS, EV 81.9 MPH)
|
| Bottom of the 6th over - 1 run, 2 hits, 1 error, 1 left on base; Augusta 6 - Binghamton 5 |
| TOP OF THE 7TH |
|
Augusta GreenJackets batting - Pitching for Binghamton Mets : RHP Rome Corona
|
|
Pitching: RHP Leo Burgos
|
|
|
Batting: RHB Frank Pena
|
0-0: Ball 1-0: Ball 2-0: Ball 3-0: Called Strike 3-1: Foul Ball, location: 2F 3-2: Base on Balls
|
|
Batting: LHB Sam Ogg
|
0-0: Called Strike 0-1: Ball 1-1: Called Strike 1-2: Foul Ball, location: 2F 1-2: Ball 2-2: Strikes out swinging
|
|
Batting: SHB Ben Myers
|
0-0: Ball 1-0: Ball 2-0: Grounds into double play, 4-6-3 (Groundball, 4, EV 104.4 MPH)
|
| Top of the 7th over - 0 runs, 0 hits, 0 errors, 0 left on base; Augusta 6 - Binghamton 5 |
| BOTTOM OF THE 7TH |
|
Binghamton Mets batting - Pitching for Augusta GreenJackets : RHP Adam Browne
|
|
Pitching: RHP Hiroaki Yazawa
|
|
|
Batting: RHB Enrique Aguirre
|
0-0: Called Strike 0-1: Called Strike 0-2: Foul Ball, location: 2F 0-2: Foul Ball, location: 2F 0-2: DOUBLE (Flyball, 89XD, EV 98.1 MPH)
|
|
Batting: RHB Oscar Bravo
|
0-0: Foul Ball, location: 2F 0-1: Ball 1-1: Called Strike 1-2: Ground out 5-3 (Groundball, 5, EV 86.2 MPH)
|
|
Batting: SHB Keith Casner
|
0-0: Ball 1-0: Fly out, F7 (Flyball, 7, EV 79.4 MPH)
|
|
Batting: RHB Michael Youngberry
|
0-0: Ball 1-0: Foul Ball, location: 2F 1-1: Ball 2-1: Ball 3-1: Base on Balls
|
|
Batting: LHB Jeremy Moorehead
|
0-0: SINGLE (Groundball, 4MD, EV 96.2 MPH) Enrique Aguirre to third Michael Youngberry to second Runner from 3rd tries for Home, SAFE, throw by CF to home
|
|
Batting: RHB Roberto Delgado
|
0-0: Foul Ball, location: 2F 0-1: Ball 1-1: Ground out 5-3 (Groundball, 56S, EV 83.8 MPH)
|
| Bottom of the 7th over - 1 run, 2 hits, 0 errors, 2 left on base; Augusta 6 - Binghamton 6 |
| TOP OF THE 8TH |
|
Augusta GreenJackets batting - Pitching for Binghamton Mets : RHP Leo Burgos
|
|
Batting: LHB Oscar Tamayo
|
0-0: Swinging Strike 0-1: Ball 1-1: Ball 2-1: Swinging Strike 2-2: Foul Ball, location: 2F 2-2: Foul Ball, location: 2F 2-2: Ground out 6-3 (Groundball, 4D, EV 105.0 MPH)
|
|
Pinch Hitting: LHB Chris Morgan
|
0-0: Ball 1-0: Ball 2-0: Called Strike 2-1: Ground out 4-3 (Groundball, 34, EV 86.2 MPH)
|
|
Batting: LHB Bruce Arvizu
|
0-0: SINGLE (Groundball, 34D, EV 105.0 MPH)
|
|
Pinch Hitting: SHB Louie Horne
|
0-0: Ball Bruce Arvizu steals 2nd base (no throw) 1-0: Ball 2-0: Swinging Strike 2-1: Foul Ball, location: 2F 2-2: Foul Ball, location: 2F 2-2: Foul Ball, location: 2F 2-2: Foul Ball, location: 2F 2-2: Strikes out swinging
|
| Top of the 8th over - 0 runs, 1 hit, 0 errors, 1 left on base; Augusta 6 - Binghamton 6 |
| BOTTOM OF THE 8TH |
|
Binghamton Mets batting - Pitching for Augusta GreenJackets : RHP Hiroaki Yazawa
|
|
Pitching: LHP Christian Rogers
|
|
|
Now at C: Bob Schweiger
|
|
|
Now at 2B: Allen Gravel
|
|
|
Batting: RHB Reginald McDougall
|
0-0: Ground out 5-3 (Groundball, 56, EV 103.8 MPH)
|
|
Batting: SHB Tyler Maddux
|
0-0: Ground out 6-3 (Groundball, 6, EV 109.4 MPH)
|
|
Batting: SHB Nick Daigle
|
0-0: Called Strike 0-1: Ball 1-1: Ball 2-1: Foul Ball, location: 2F 2-2: Fly out, F7 (Line Drive, 7LM, EV 92.5 MPH)
|
| Bottom of the 8th over - 0 runs, 0 hits, 0 errors, 0 left on base; Augusta 6 - Binghamton 6 |
| TOP OF THE 9TH |
|
Augusta GreenJackets batting - Pitching for Binghamton Mets : RHP Leo Burgos
|
|
Pitching: RHP Casey Cuomo
|
|
|
Batting: RHB Jordan Wallace
|
0-0: Foul Ball, location: 2F 0-1: Called Strike 0-2: Foul Ball, location: 2F 0-2: Foul Ball, location: 2F 0-2: Strikes out swinging
|
|
Batting: RHB Armando Ramirez
|
0-0: Called Strike 0-1: Called Strike 0-2: Foul Ball, location: 2F 0-2: Ground out 5-3 (Groundball, 56, EV 85.6 MPH)
|
|
Batting: RHB Frank Pena
|
0-0: Ground out 6-3 (Groundball, 6, EV 88.1 MPH)
|
| Top of the 9th over - 0 runs, 0 hits, 0 errors, 0 left on base; Augusta 6 - Binghamton 6 |
| BOTTOM OF THE 9TH |
|
Binghamton Mets batting - Pitching for Augusta GreenJackets : LHP Christian Rogers
|
|
Pitching: RHP Ricky Fo
|
|
|
Batting: RHB Enrique Aguirre
|
0-0: Ball 1-0: Ground out 5-3 (Groundball, 56S, EV 81.2 MPH)
|
|
Batting: RHB Oscar Bravo
|
0-0: Ball 1-0: Called Strike 1-1: Foul Ball, location: 2F 1-2: Strikes out swinging
|
|
Batting: SHB Keith Casner
|
0-0: Ball 1-0: Called Strike 1-1: Ball 2-1: Foul Ball, location: 2F 2-2: Ground out 1-3 (Groundball, 13S, EV 70.0 MPH)
|
| Bottom of the 9th over - 0 runs, 0 hits, 0 errors, 0 left on base; Augusta 6 - Binghamton 6 |
| TOP OF THE 10TH |
|
Augusta GreenJackets batting - Pitching for Binghamton Mets : RHP Casey Cuomo
|
|
Batting: LHB Sam Ogg
|
0-0: Called Strike 0-1: Ball 1-1: Foul Ball, location: 2F 1-2: Ball 2-2: Ball 3-2: Strikes out swinging
|
|
Batting: SHB Ben Myers
|
0-0: Ball 1-0: SINGLE (Groundball, 6D, EV 97.5 MPH)
|
|
Batting: LHB Oscar Tamayo
|
0-0: Called Strike 0-1: Called Strike 0-2: Foul Ball, location: 2F 0-2: Strikes out swinging
|
|
Pitching: RHP Felipe Hinojosa
|
|
|
Batting: RHB Allen Gravel
|
0-0: Fly out, F9 (Flyball, 9D, EV 85.6 MPH)
|
| Top of the 10th over - 0 runs, 1 hit, 0 errors, 1 left on base; Augusta 6 - Binghamton 6 |
| BOTTOM OF THE 10TH |
|
Binghamton Mets batting - Pitching for Augusta GreenJackets : RHP Ricky Fo
|
|
Batting: RHB Michael Youngberry
|
0-0: Called Strike 0-1: Ball 1-1: Ball 2-1: Called Strike 2-2: Foul Ball, location: 2F 2-2: Strikes out looking
|
|
Batting: LHB Jeremy Moorehead
|
0-0: SINGLE (Line Drive, 34, EV 105.0 MPH)
|
|
Batting: RHB Roberto Delgado
|
0-0: SINGLE (Flyball, 8LS, EV 101.2 MPH) Jeremy Moorehead to second
|
|
Batting: RHB Reginald McDougall
|
0-0: Called Strike Jeremy Moorehead steals 3rd base 0-1: Fielders Choice at home, 5-2 (Groundball, 6S, EV 71.2 MPH) Roberto Delgado to second
|
|
Batting: SHB Tyler Maddux
|
0-0: Called Strike 0-1: Swinging Strike 0-2: Ball 1-2: Ground out 4-3 (Groundball, 4, EV 82.5 MPH)
|
| Bottom of the 10th over - 0 runs, 2 hits, 0 errors, 2 left on base; Augusta 6 - Binghamton 6 |
| TOP OF THE 11TH |
|
Augusta GreenJackets batting - Pitching for Binghamton Mets : RHP Felipe Hinojosa
|
|
Batting: LHB Bruce Arvizu
|
0-0: Called Strike 0-1: Ball 1-1: Ground out 5-3 (Groundball, 56, EV 91.2 MPH)
|
|
Batting: RHB Bob Schweiger
|
0-0: Ball 1-0: Foul Ball, location: 2F 1-1: Ball 2-1: Swinging Strike 2-2: Strikes out swinging
|
|
Batting: RHB Jordan Wallace
|
0-0: Ball 1-0: Called Strike 1-1: Ball 2-1: Ball 3-1: Foul Ball, location: 2F 3-2: Foul Ball, location: 2F 3-2: Base on Balls
|
|
Batting: RHB Armando Ramirez
|
0-0: Ball 1-0: Ball 2-0: Ball 3-0: Base on Balls Jordan Wallace to second
|
|
Pinch Runner at 2nd Nate Burkhalter:
|
|
|
Batting: RHB Frank Pena
|
0-0: Foul Ball, location: 2F 0-1: Foul Ball, location: 2F 0-2: Strikes out swinging
|
| Top of the 11th over - 0 runs, 0 hits, 0 errors, 2 left on base; Augusta 6 - Binghamton 6 |
| BOTTOM OF THE 11TH |
|
Binghamton Mets batting - Pitching for Augusta GreenJackets : RHP Ricky Fo
|
|
Now in LF: Jake Shelton
|
|
|
Batting: SHB Nick Daigle
|
0-0: Ball 1-0: Ball 2-0: Ball 3-0: Called Strike 3-1: Called Strike 3-2: Foul Ball, location: 2F 3-2: SINGLE (Groundball, 4MD, EV 109.4 MPH)
|
|
Batting: RHB Enrique Aguirre
|
0-0: Ball 1-0: Called Strike 1-1: Swinging Strike 1-2: Ball 2-2: Strikes out swinging
|
|
Batting: RHB Oscar Bravo
|
0-0: Ball 1-0: Ball 2-0: Called Strike 2-1: Ball 3-1: Foul Ball, location: 2F 3-2: Strikes out swinging
|
|
Pitching: LHP Robert Soto
|
|
|
Batting: SHB Keith Casner
|
0-0: Ball 1-0: Foul Ball, location: 2F 1-1: Reached on error, E6 (Groundball, 56, EV 106.2 MPH) Nick Daigle to third
|
|
Batting: RHB Michael Youngberry
|
0-0: Intentional Walk
|
|
Batting: RHB Gang-sheng Chew
|
0-0: Ball 1-0: SINGLE (Line Drive, 78M, EV 96.9 MPH) Nick Daigle scores
|
| Bottom of the 11th over - 1 run, 2 hits, 1 error, 2 left on base; Augusta 6 - Binghamton 7 |
|